 Dungeon Crawl Stone Soup version 0.31-a0-182-gc5ef74bbde (webtiles) character file.

Game seed: 16837763779500684053

80 gelatine the Stinger (level 4, -12/30 HPs)
             Began as a Demonspawn Venom Mage on June 20, 2023.
             Mangled by an ogre
             ... wielding a +0 giant club
              (14 damage)
             ... on level 3 of the Dungeon.
             The game lasted 00:04:21 (2197 turns).

gelatine the Stinger (Demonspawn Venom Mage)        Turns: 2197, Time: 00:04:21

Health: -12/30     AC:  4    Str:  8    XL:     4   Next: 18%
Magic:  3/7        EV: 12    Int: 19    God:
Gold:   106        SH:  0    Dex: 13    Spells: 4/7 levels left

rFire   . . .        d - +0 short sword
rCold   . . .        (no shield)
rNeg    . . .        a - +0 robe
rPois   .            (no helmet)
rElec   .            (no cloak)
rCorr   .            (no gloves)
SInv    .            (no boots)
Will    .....        (no amulet)
Stlth   ++           (no ring)
HPRegen 0.25/turn    (no ring)
MPRegen 0.10/turn

%: no passive effects
@: no status effects
A: molten scales 1, ignite blood 1
a: no special abilities


You were on level 3 of the Dungeon.
You visited 1 branch of the dungeon, and saw 3 of its levels.

You collected 106 gold pieces.

Inventory:

Hand Weapons
 d - a +0 short sword (weapon)
Missiles
 m - a throwing net
Armour
 a - a +0 robe (worn)
Scrolls
 c - a scroll of fear {unknown}
 e - a scroll of poison {unknown}
 f - a scroll of enchant weapon {unknown}
 h - a scroll of teleportation {unknown}
 i - a scroll of acquirement {unknown}
 j - 2 scrolls of identify {unknown}
 n - a scroll of vulnerability {unknown}
 o - a scroll of noise {unknown}
Potions
 b - 2 potions of magic
 g - 2 potions of cancellation {unknown}
 k - a potion of haste {unknown}
 l - a potion of enlightenment {unknown}


   Skills:
 * Level 0.2 Fighting
 + Level 0.1 Short Blades
 * Level 1.8 Dodging
 + Level 2.1 Stealth
 * Level 2.3 Spellcasting
 * Level 1.8 Transmutations
 * Level 4.1 Poison Magic


You had 4 spell levels left.
You knew the following spells:

 Your Spells              Type           Power      Damage    Failure   Level
a - Sting                 Tmut/Pois      52%        1d5       4%          1
b - Poisonous Vapours     Pois/Air       20%        N/A       11%         2

Your spell library contained the following spells:

 Spells                   Type           Power      Damage    Failure   Level
 Lesser Beckoning         Tloc           4%         N/A       24%         2
 Mephitic Cloud           Conj/Pois/Air  7%         N/A       28%         3
 Olgreb's Toxic Radiance  Pois           17%        N/A       30%         4
 Gell's Gravitas          Tloc           2%         N/A       43%         3
 Teleport Other           Tloc           2%         N/A       43%         3


Dungeon Overview and Level Annotations

Branches:
Dungeon (3/15)

Altars:
Okawaru


Innate Abilities, Weirdness & Mutations

You are partially covered in molten scales. (AC +2)
Your demonic aura sometimes causes spilled blood to erupt in flames.


Message History

The orc closely misses you.
You hit the orc but do no damage.
The orc is severely wounded.
The orc closely misses you.
You hit the orc.
The orc is almost dead.
The orc misses you.
You hit the orc but do no damage.
The orc is almost dead.
The orc completely misses you.
You hit the orc.
You kill the orc!
An ogre comes into view. It is wielding a +0 giant club.
Things that are here:
a +0 dagger; a +0 ring mail; a metallic ruby potion An ogre is nearby!
Casting: Sting (safe; 4% risk of failure)
Confirm with . or Enter, or press ? or * to list all spells.
Aiming: Poisonous Vapours (safe; 11% risk of failure)
Press: ? - help, Dir - move target, f - ogre
Aim: an ogre, wielding a +0 giant club Poisonous vapours surround the ogre!
The ogre is poisoned.
The sting hits the ogre.
The ogre looks even sicker.
The ogre is lightly wounded.
The ogre looks more healthy.
The sting hits the ogre but does no damage.
The ogre is poisoned.
The ogre is moderately wounded.
The sting hits the ogre.
The ogre looks even sicker.
The ogre is moderately wounded.
The ogre hits you with a +0 giant club!!
Ouch! That really hurt!
* * * LOW HITPOINT WARNING * * *
You hit the ogre but do no damage.
The ogre is moderately wounded.
Unknown command.
You barely miss the ogre.
The ogre is heavily wounded.
The ogre hits you with a +0 giant club!
You die...

...#
...################
.>.'..............#
...#############)##
...# #.# ...# #.#
...# #.# #'## #.#
#.# #@# #.# #O#
#'## #.# ...# #.#
...# #.# ...# #.#
...# ###########.#
...# #.).........#
...# #.###########


You could see an ogre (very poisoned).

Vanquished Creatures
  3 adders
  2 worms (D:2)
  2 dart slugs (D:3)
  2 orcs (D:3)
  5 endoplasms
  6 giant cockroaches
  3 goblins
  2 hobgoblins
  6 kobolds
  2 ball pythons (D:2)
  5 bats (D:1)
  A frilled lizard (D:1)
  3 rats
42 creatures vanquished.

Notes
Turn   | Place    | Note
-------+----------+-------------------------------------------
     0 | D:1      | gelatine the Demonspawn Venom Mage began the quest for the
                  | Orb.
     0 | D:1      | Reached XP level 1. HP: 13/13 MP: 3/3
   261 | D:1      | Found a faded altar of an unknown god.
   333 | D:1      | Gained mutation: You are partially covered in molten
                  | scales. (AC +2) [demonic ancestry]
   333 | D:1      | Reached XP level 2. HP: 7/19 MP: 3/5
   813 | D:2      | Reached skill level 1 in Transmutations
  1151 | D:2      | Gained mutation: Your demonic aura sometimes causes spilled
                  | blood to erupt in flames. [demonic ancestry]
  1151 | D:2      | Reached XP level 3. HP: 23/24 MP: 1/6
  1376 | D:2      | Learned a level 2 spell: Poisonous Vapours
  1520 | D:2      | Found an iron altar of Okawaru.
  1767 | D:2      | Reached skill level 4 in Poison Magic
  1898 | D:3      | Reached XP level 4. HP: 28/30 MP: 3/7
  2166 | D:3      | Noticed an ogre
  2195 | D:3      | HP: 1/30 [ogre/+0 giant club (29)]
  2197 | D:3      | Mangled by an ogre

Illustrated notes

Levels and vault maps discovered:
D:1:      dpeg_arrival_ternary, layout_basic,
          hellmonk_ecumenical_altar_leap_of_faith
D:2:      kennysheep_big_flooded_room, layout_basic, basic_altar, st_stairs_5
D:3:      layout_basic, lemuel_doored_altar, kennysheep_generic_room_5

Skill      XL: |  1  2  3 |
---------------+----------+-----
Stealth        | 2 |  2.1
Transmutations | 1 |  1.8
Poison Magic   | 4 |  4.1
Fighting       | |  0.2
Short Blades   | |  0.1
Dodging        | |  1.8
Spellcasting   | |  2.3

Action                     |  1- 3 |  4- 6 || total
---------------------------+-------+-------++-------
  Melee: Short sword       |    10 |    13 ||    23
         Punch             |     1 |       ||     1
   Cast: Sting             |    62 |    14 ||    76
         Poisonous Vapours |       |     1 ||     1
   Stab: Sleeping          |     1 |     1 ||     2
 Armour: Robe              |     7 |     3 ||    10
  Dodge: Dodged            |    18 |    10 ||    28

Table legend: (Time is in decaauts)
 A = Elapsed time spent in this place.
 B = Non-inter-level travel time spent in this place.
 C = Inter-level travel time spent in this place.
 D = Time resting spent in this place.
 E = Time spent auto-exploring this place.
 F = Levels seen in this place.
 G = Mean time per level.
                   A        B        C        D        E       F      G
               +--------+--------+--------+--------+--------+-----+--------+
         Total |   2196 |   2176 |     20 |      0 |   1774 |   3 |  732.0 |
       Dungeon |   2196 |   2176 |     20 |      0 |   1774 |   3 |  732.0 |
               +--------+--------+--------+--------+--------+-----+--------+

Top non-repeatable levels by time:
     D:2: 1074 daAuts
     D:1: 809 daAuts
     D:3: 311 daAuts
